 Dungeon Crawl Stone Soup version 0.19.0-11-g3fc08b3 (webtiles) character file.

6400 Banto the Carver (level 10, -16/44 HPs)
             Began as a High Elf Skald on Nov 9, 2016.
             Was a High Priest of Okawaru.
             Killed from afar by a wretched star (38 damage)
             ... with an orb of energy
             ... on level 1 of the Abyss.
             The game lasted 00:21:03 (11835 turns).

Banto the Carver (High Elf Skald)                  Turns: 11835, Time: 00:21:03

Health: -16/44     AC:  7    Str: 14    XL:     10   Next: 66%
Magic:  15/15      EV: 23    Int: 16    God:    Okawaru [*****.]
Gold:   584        SH:  0    Dex: 21    Spells: 4 memorised, 5 levels left

rFire  . . .     SeeInvis .     h - +1 whip (elec)
rCold  . . .     Gourm    .     G - +0 robe (curse)
rNeg   . . .     Faith    +     (no shield)
rPois  .         Spirit   .     l - +1 helmet
rElec  .         Reflect  .     u - +0 cloak
rCorr  .         Harm     .     C - +0 pair of gloves
MR     +....                    e - +0 pair of boots
Stlth  ++........               F - amulet of faith
                                (no ring)
                                H - +3 ring of strength

@: no status effects
A: thin skeletal structure 1, blurry vision 3, frail 3
a: Heroism, Finesse, Renounce Religion


You were on level 1 of the Abyss.
You worshipped Okawaru.
Okawaru was extremely pleased with you.
You were not hungry.

You visited 2 branches of the dungeon, and saw 11 of its levels.
You visited the Abyss 1 time.
You also visited: Ossuary.

You collected 584 gold pieces.

Inventory:

Hand Weapons
 h - a +1 whip of electrocution (weapon)
 y - a +0 dagger of venom
 Q - a +0 great sword
 V - a +1 falchion of flaming
Missiles
 M - a throwing net (quivered)
Armour
 b - a +0 leather armour
 e - a +0 pair of boots (worn)
 l - a +1 helmet (worn)
 u - a +0 cloak (worn)
 C - a +0 pair of gloves (worn)
 G - a cursed +0 robe (worn)
Jewellery
 F - an amulet of faith (around neck)
 H - a +3 ring of strength (left hand)
Wands
 c - a wand of confusion (23/48)
 f - a wand of enslavement (21/24)
 N - a wand of polymorph (15/24)
 S - a wand of digging (13/24)
Scrolls
 i - 4 scrolls of teleportation
 j - 8 scrolls of remove curse
 p - a scroll of magic mapping
 w - 2 scrolls of amnesia
 I - 3 scrolls of fear
 L - 2 scrolls of enchant armour
 R - a scroll of blinking
 T - a scroll of fog
Potions
 g - 6 potions of curing
 k - 2 potions of agility {unknown}
 m - a potion of resistance {unknown}
 q - a potion of mutation {unknown}
 r - a potion of flight {unknown}
 t - a potion of lignification {unknown}
 v - 2 potions of invisibility {unknown}
 x - 2 potions of cancellation
 z - 2 potions of might {unknown}
 A - a potion of brilliance
 J - a potion of cure mutation {unknown}
 K - a potion of magic
 O - a potion of berserk rage
 P - 2 potions of heal wounds
 U - a potion of haste {unknown}
Books
 B - a book of Maledictions

   Spells                             Type                      Level
   a - Corona                         Hexes                        1
   b - Ensorcelled Hibernation        Hexes/Ice                    2
   c - Confuse                        Hexes                        3
   d - Tukima's Dance                 Hexes                        3
   e - Dazzling Spray                 Conjuration/Hexes            3
Comestibles
 d - 5 bread rations
 n - 7 fruits
 o - 6 meat rations
 s - a slice of pizza
 D - 4 beef jerkies
 E - 11 royal jellies


   Skills:
 + Level 3.4 Fighting
 - Level 12.0 Long Blades
 - Level 0.8 Armour
 - Level 12.0 Dodging
 - Level 2.4 Spellcasting
 - Level 3.6 Charms
 + Level 5.9 Invocations


You had 5 spell levels left.
You knew the following spells:

 Your Spells              Type           Power        Failure   Level  Hunger
a - Infusion              Chrm           ##..         6%          1    #......
b - Song of Slaying       Chrm           ##......     10%         2    ###....
c - Shroud of Golubria    Chrm/Tloc      #.........   17%         2    ###....
d - Spectral Weapon       Hex/Chrm       #.......     34%         3    ###....


Dungeon Overview and Level Annotations

Branches:
Dungeon (10/15)            Temple (1/1) D:6
   Lair: D:8-11         Orc: D:9-12

Altars:
Ashenzari
Cheibriados
Dithmenos
Elyvilon
Fedhas
Gozag
Hepliaklqana
Kikubaaqudgha
Makhleb
Nemelex Xobeh
Okawaru
Qazlal
Ru
Sif Muna
Trog
Uskayaw
Vehumet
Xom
Yredelemnul
Zin
The Shining One

Shops:
D:5 =

Annotations:
D:10 Erolcha


Innate Abilities, Weirdness & Mutations

You have a somewhat thin skeletal structure. (Dex +2, Stealth)
[Scrolls take you much longer to read.]
[You are extremely frail. (-30% HP)]


Message History

The spectral mist engulfs you!
You are engulfed in spectral mist.
The orb of destruction hits a stone wall.
You take 11 damage, and have 27/44 hp.
MASSIVE DAMAGE!!
You are engulfed in spectral mist.
The orb spider pulsates with a strange energy.
You take 6 damage, and have 21/44 hp.
A wretched star comes into view.
Found a scroll of enchant weapon.
The wretched star glows turbulently.
The orb of energy misses you.
The wretched star glows turbulently.
The orb of energy misses you.
You hit the wretched star.
The wretched star is lightly damaged.
The spectral six-headed hydra fades away!
The wretched star glows turbulently.
The orb of energy hits you!
Ouch! That really hurt!
You die...

# #. #.. ..#
#..##.# .
#......## #.
.. #*####
?.#.##
#..#.#
#....##.#@.#
...#Z#.##
#.....#.# #
.##...#
#.#§..###
..##.#.## .
Z. #....#
#.#.##.
..#....
#####§ §# .#
##


You could see a wretched star.

Vanquished Creatures
  The ghost of Zigma the Changer, a novice DrTm of Qazlal (D:7)
  A hornet (D:8)
  Grinder (D:4)
  A hippogriff (D:9)
  12 yaks
  Eustachio (D:4)
  A water moccasin (D:6)
  Duvessa (D:5)
  An orc warrior (D:9)
  A black bear (D:9)
  2 ice beasts
  5 ogres
  A sky beast (D:8)
  2 centaurs
  A crocodile (D:8)
  An elf zombie (D:7)
  Blork the orc (D:6)
  3 bullfrogs
  A gnoll sergeant (D:5)
  Dowan (D:5)
  A water moccasin skeleton (D:9)
  3 scorpions
  2 howler monkeys
  4 crimson imps
  A centaur zombie (D:6)
  A human zombie (D:7)
  3 bullfrog zombies
  2 orc priests
  A centaur skeleton (D:7)
  4 jellies
  7 orc wizards
  A bullfrog skeleton (D:7)
  5 iguanas
  Crazy Yiuf (D:5)
  3 human skeletons (D:7)
  7 worker ants
  A hound skeleton (D:5)
  3 mummies (Ossuary)
  A worker ant zombie (D:2)
  Robin (D:2)
  11 adders
  7 gnolls (D:5)
  A shadow imp (D:7)
  5 oozes (D:9)
  An adder skeleton (D:5)
  3 adder zombies
  3 dart slugs
  6 leopard geckos
  22 orcs
  A bat skeleton (D:2)
  3 giant cockroaches
  2 gnoll zombies (Ossuary)
  16 hobgoblins
  16 jackals
  7 kobolds
  3 quokkas
  2 ball pythons
  6 bats
  6 frilled lizards
  3 gnoll skeletons (Ossuary)
  8 goblins
  A goblin skeleton (Ossuary)
  8 goblin zombies (Ossuary)
  2 hobgoblin skeletons (Ossuary)
  A hobgoblin zombie (Ossuary)
  2 kobold skeletons (Ossuary)
  A leopard gecko zombie (D:6)
  2 orc skeletons (Ossuary)
  4 orc zombies
  3 rats
  2 rat skeletons (Ossuary)
  4 rat zombies (Ossuary)
253 creatures vanquished.

Vanquished Creatures (others)
  Menkaure (Ossuary)
  3 gnoll skeletons (Ossuary)
  A goblin zombie (Ossuary)
  3 hobgoblin skeletons (Ossuary)
  3 hobgoblin zombies (Ossuary)
  A kobold zombie (Ossuary)
  3 orc skeletons (Ossuary)
  An orc zombie (Ossuary)
  4 rat skeletons (Ossuary)
  A rat zombie (Ossuary)
  4 spectral weapons
25 creatures vanquished.

Grand Total: 278 creatures vanquished

Notes
Turn   | Place    | Note
-------+----------+-------------------------------------------
     0 | D:1      | Banto the High Elf Skald began the quest for the Orb.
     0 | D:1      | Reached XP level 1. HP: 14/14 MP: 4/4
   167 | D:1      | Reached XP level 2. HP: 6/19 MP: 6/6
   898 | D:1      | Reached XP level 3. HP: 19/24 MP: 7/7
  1049 | D:2      | Learned a level 2 spell: Song of Slaying
  1052 | D:2      | Learned a level 2 spell: Shroud of Golubria
  1309 | D:2      | Noticed Robin
  1326 | D:2      | Killed Robin
  1639 | D:2      | Reached XP level 4. HP: 29/29 MP: 6/8
  1677 | D:2      | Found a glowing golden altar of the Shining One.
  2388 | D:4      | Reached XP level 5. HP: 29/34 MP: 4/9
  2398 | D:4      | Learned a level 3 spell: Spectral Weapon
  3297 | D:4      | Reached skill level 5 in Long Blades
  3484 | D:5      | Entered Level 5 of the Dungeon
  3484 | D:5      | Noticed Eustachio
  3528 | D:4      | Killed Eustachio
  3528 | D:4      | Reached skill level 5 in Dodging
  3528 | D:4      | Reached XP level 6. HP: 34/39 MP: 10/10
  3657 | D:5      | Noticed Grinder
  3660 | D:5      | Noticed Duvessa
  3672 | D:5      | Paralysed by Grinder for 6 turns
  3675 | D:5      | Noticed Dowan
  3687 | D:4      | Paralysed by Grinder for 6 turns
  3699 | D:4      | Killed Grinder
  3699 | D:4      | Reached XP level 7. HP: 18/45 MP: 2/11
  3987 | D:5      | Killed Duvessa
  4000 | D:5      | Killed Dowan
  4476 | D:5      | Reached XP level 8. HP: 46/50 MP: 6/12
  4690 | D:5      | Found a runed door.
  5048 | D:5      | Found Ginled's Jewellery Shoppe.
  5229 | D:5      | Noticed Crazy Yiuf
  5232 | D:5      | Killed Crazy Yiuf
  5357 | D:6      | Noticed Blork the orc
  5536 | D:6      | Killed Blork the orc
  5804 | D:6      | Found a staircase to the Ecumenical Temple.
  5833 | Temple   | Entered the Ecumenical Temple
  5960 | Temple   | Became a worshipper of Warmaster Okawaru
  6553 | D:6      | Reached skill level 10 in Long Blades
  6716 | D:7      | Found a glowing silver altar of Zin.
  6750 | D:7      | Reached XP level 9. HP: 54/54 MP: 13/13
  6768 | D:7      | Noticed Zigma's ghost (novice DrTm)
  6789 | D:7      | Killed Zigma's ghost
  6789 | D:7      | Reached * piety under Okawaru
  7022 | D:7      | Reached skill level 10 in Dodging
  7057 | D:7      | Found a sand-covered staircase.
  7153 | Ossuary  | Entered an ossuary
  7347 | Ossuary  | Killed Menkaure
  7656 | D:7      | Reached ** piety under Okawaru
  8356 | D:8      | Found a glowing silver altar of Zin.
  8445 | D:8      | Gained mutation: You have a somewhat thin skeletal structure. (Dex +2, Stealth) [mutagenic meat]
  8455 | D:8      | Found a burning altar of Makhleb.
  8494 | D:8      | Reached *** piety under Okawaru
  8558 | D:8      | Found a bloodstained altar of Trog.
  8560 | D:8      | Found a sparkling altar of Nemelex Xobeh.
  8560 | D:8      | Found a hazy altar of Hepliaklqana.
  8560 | D:8      | Found an ancient bone altar of Kikubaaqudgha.
  8561 | D:8      | Found a white marble altar of Elyvilon.
  8562 | D:8      | Found a shattered altar of Ashenzari.
  8563 | D:8      | Found a stormy altar of Qazlal.
  8564 | D:8      | Found a deep blue altar of Sif Muna.
  8565 | D:8      | Found a shimmering altar of Xom.
  9370 | D:9      | Found an iron altar of Okawaru.
  9559 | D:9      | Reached skill level 1 in Invocations
  9596 | D:9      | Reached XP level 10. HP: 44/60 MP: 9/14
  9685 | D:9      | Reached **** piety under Okawaru
 10393 | D:9      | Reached ***** piety under Okawaru
 10717 | D:9      | Reached skill level 5 in Invocations
 10976 | D:9      | Received a gift from Okawaru
 11157 | D:9      | Found a glowing silver altar of Zin.
 11157 | D:9      | Found an opulent altar of Gozag.
 11330 | D:10     | Entered Level 10 of the Dungeon
 11422 | D:10     | Noticed a centaur warrior
 11565 | D:10     | Noticed Erolcha
 11581 | D:10     | Cast into level 1 of the Abyss (Erolcha)
 11581 | Abyss:1  | Found a corrupted altar of Lugonu.
 11616 | Abyss:1  | Noticed a wretched star
 11760 | Abyss:1  | Noticed a large abomination
 11809 | Abyss:1  | Noticed an orb spider
 11810 | Abyss:1  | Noticed a smoke demon
 11819 | Abyss:1  | Noticed a revenant
 11823 | Abyss:1  | Noticed a spectral fire giant
 11825 | Abyss:1  | Noticed a spectral six-headed hydra
 11826 | Abyss:1  | Noticed a wretched star
 11835 | Abyss:1  | Killed from afar by a wretched star

Skill      XL: |  1  2  3  4  5  6  7  8  9 10 |
---------------+-------------------------------+-----
Dodging        | 2 3 4 5 6 7 9 11 12 | 12.0
Long Blades    | 3 4 5 6 8 10 12 | 12.0
Invocations    | 1 5 |  5.9
Fighting       | 3 |  3.4
Armour         | |  0.8
Spellcasting   | |  2.4
Charms         | |  3.6

Action                   |  1- 3 |  4- 6 |  7- 9 | 10-12 || total
-------------------------+-------+-------+-------+-------++-------
Melee: Falchion          |    10 |       |       |    65 ||    75
       Whip              |   126 |   174 |   397 |    77 ||   774
       Dagger            |       |       |   221 |    75 ||   296
 Cast: Infusion          |     2 |     1 |    14 |     1 ||    18
       Song of Slaying   |     1 |       |     1 |       ||     2
       Shroud of Golubri |       |     1 |     5 |     1 ||     7
       Spectral Weapon   |       |     3 |     9 |     7 ||    19
  Use: Scroll            |     1 |    10 |    10 |     1 ||    22
 Stab: Sleeping          |     1 |     1 |     4 |     3 ||     9
       Distracted        |       |       |       |     2 ||     2
  Eat: Chunk             |     3 |     7 |    22 |     9 ||    41
       Fruit             |       |       |     1 |       ||     1
Armor: Leather armour    |    42 |    54 |    73 |       ||   169
       Robe              |       |       |    38 |    14 ||    52
Dodge: Dodged            |   100 |   152 |   488 |   166 ||   906
       Rpst.: Falchion   |     5 |       |       |    11 ||    16

Table legend:
 A = Turns spent in this place as a percentage of turns spent in the entire game.
 B = Non-inter-level travel turns spent in this place as a percentage of non-inter-level travel turns spent in the entire game.
 C = Inter-level travel turns spent in this place as a percentage of turns spent in this place.
 D = Turns resting spent in this place as a percentage of non-inter-level travel turns spent in this place.
 E = Turns spent auto-exploring this place as a percentage of non-inter-level travel turns spent in this place.
 F = Non-inter-level travel turns spent in this place divided by the number of levels of this place that you've seen.
                   A       B       C       D       E      F
               +-------+-------+-------+-------+-------+----------------------
         Total | 100.0 | 100.0 |   0.4 |   4.1 |   6.5 | 311.2
       Dungeon |  85.1 |  85.1 |   0.5 |   4.4 |   6.8 | 344.3
        Temple |   0.4 |   0.3 |  12.5 |   0.0 |  85.7 |  14.0
         Abyss |   5.9 |   5.9 |   0.0 |   2.5 |   0.0 | 240.0
       Ossuary |   8.6 |   8.6 |   0.0 |   1.7 |   4.6 | 349.0
               +-------+-------+-------+-------+-------+----------------------

Table legend:
 A = Kills in this place as a percentage of kills in entire the game.
 B = Kills by you in this place as a percentage of kills by you in the entire game.
 C = Kills by friends in this place as a percentage of kills by friends in the entire game.
 D = Other kills in this place as a percentage of other kills in the entire game.
 E = Experience gained in this place as a percentage of experience gained in the entire game.
 F = Experience gained in this place divided by the number of levels of this place that you have seen.
                   A       B       C       D       E      F
               +-------+-------+-------+-------+-------+----------------------
         Total | 100.0 | 100.0 |  -nan |  -nan | 100.0 | 703.4
       Dungeon |  88.7 |  88.7 |  -nan |  -nan |  99.4 | 909.2
       Ossuary |  11.3 |  11.3 |  -nan |  -nan |   0.6 |  52.0
               +-------+-------+-------+-------+-------+----------------------
